Cogmind - Beta 14 @@@ ROGUE MODE // 2025.03.15 @ 13:50:12 Player: Pepsi Result: Destroyed by G-47 Trooper with Particle Gun Performance ------------- Evolutions (1) 500 Regions Visited (2) 400 Robots Destroyed (18) 90 Value Destroyed (427) 427 Prototype IDs (0) 0 Alien Tech Used (0) 0 Bonus (0) 0 TOTAL SCORE: 1417 Bonus ------- None Cogmind --------- Core Integrity 0/400 Matter 142/300 Energy 125/125 System Corruption 0% Temperature Cool (9) Movement Core (150) Ox2 Location -9/Materials Parts ------- > --- POWER (1) -------- Light Ion Engine > --- PROPULSION (2) --- (None) > --- UTILITY (4) ------ Visual Processing Unit Visual Processing Unit > --- WEAPON (2) ------- Assault Rifle Assault Rifle > --- INVENTORY (5) ---- (None) Peak State ------------ > --- POWER ------------ Light Nuclear Core > --- PROPULSION ------- Aluminum Leg Aluminum Leg > --- UTILITY ---------- Improved Heat Sink Small Storage Unit Visual Processing Unit Visual Processing Unit > --- WEAPON ----------- Assault Rifle Autogun > --- INVENTORY -------- Ion Engine Light Ion Engine Aluminum Leg Assault Rifle Assault Rifle Grenade Launcher [Rating: 16] Favorites ----------- Power Light Nuclear Core Engine Ion Engine Power Core Light Nuclear Core Propulsion Aluminum Leg Leg Aluminum Leg Wheel Wheel Hover Unit Backup Propulsion I Utility Visual Processing Unit Device Improved Heat Sink Storage Small Storage Unit Processor Visual Processing Unit Weapon Assault Rifle Ballistic Gun Assault Rifle Launcher Grenade Launcher Build | -11 -10 -9 ------- Run | Yrd Mat Mat Slots Evolved 2 | . . 2 Power . | . . . Propulsion . | . . . Utility 2 | . . 2 Weapon . | . . . Parts Attached 30 | 6 9 15 Power 4 | 1 1 2 Engine 3 | 1 . 2 Core 1 | . 1 . Reactor . | . . . Propulsion 8 | 2 3 3 Treads . | . . . Leg 6 | . 3 3 Wheel 2 | 2 . . Hover . | . . . Flight . | . . . Utility 5 | 1 2 2 Device 2 | . 2 . Storage 1 | 1 . . Processor 2 | . . 2 Hackware . | . . . Protection . | . . . Artifact . | . . . Weapon 13 | 2 3 8 Energy Gun . | . . . Energy Cannon . | . . . Ballistic Gun 9 | 2 1 6 Ballistic Cannon . | . . . Launcher 4 | . 2 2 Special Weapon . | . . . Impact Weapon . | . . . Slashing Weapon . | . . . Piercing Weapon . | . . . Special Melee Weapon . | . . . Unidentified Prototypes . | . . . Parts Lost 15 | . 1 14 Power 2 | . . 2 Propulsion 6 | . . 6 Utility 3 | . 1 2 Weapon 4 | . . 4 Highest Loss Streak 9 | . 1 9 To Critical Strikes . | . . . Average Slot Usage (%) 89 | . 91 88 Engine 6 | . 11 3 Core 5 | . 2 6 Leg 11 | . 4 14 Wheel 8 | . 23 . Hover 2 | . . 3 Device 7 | . 7 7 Storage 12 | . 14 11 Processor 14 | . . 21 Ballistic Gun 16 | . 15 17 Launcher 5 | . 11 2 Peak Build Rating 16 | 6 11 16 Average Rating 10 | 4 7 13 On Entrance 5 | . 6 11 Naked Turns . | . . . Heaviest Build 16 | 14 16 16 Greatest Support 26 | 26 26 20 Greatest Overweight (x) 4 | . 1 4 Average Overweight (x) . | . . . Largest Inventory Capacity 8 | 8 8 8 Average Capacity 7 | 7 8 7 Most Carried 8 | 4 8 7 Average Carried 4 | 2 5 4 Final Capacity 8 | 8 8 5 Final Carried 5 | 4 5 . Class Distribution -------------------- 100% | Mutant Dominant Class ---------------- Mutant | -10/Materials Mutant | -9/Materials Resources | -11 -10 -9 ----------- Run | Yrd Mat Mat Matter Collected 584 | 195 99 290 Remotely . | . . . Salvage Created 409 | . 134 275 Parts 31 | . 15 16 Haulers Intercepted 1 | . . 1 Recyclers Shooed 2 | . . 2 Parts Field Recycled . | . . . Retrieved Matter . | . . . Parts Self-Destructed . | . . . Prevented . | . . . Kills | -11 -10 -9 ------- Run | Yrd Mat Mat Combat Hostiles Destroyed 14 | . 6 8 Melee 1 | . . 1 Guns 8 | . 1 7 AOE 5 | . 5 . Classes Destroyed 7 | . 3 4 Tunneler 1 | . 1 . Hauler 1 | . . 1 Recycler 1 | . . 1 Operator 1 | . 1 . Swarmer 6 | . . 6 Grunt 7 | . 6 1 Sentry 1 | . . 1 Best Kill Streak 5 | . 3 5 Combat Bots Only 5 | . 2 5 Max Kills in Single Turn 2 | . 2 2 Gunslinging 1 | . . 1 Exploded 1 | . 1 . Melee 1 | . . 1 Uniques/NPCs Destroyed . | . . . Combat | -11 -10 -9 -------- Run | Yrd Mat Mat Hostile Shots Fired 200 | . 11 189 Missed 48 | . 4 44 Damage Taken 1732 | . 188 1544 Core 427 | . 25 402 Absorbed by Shields . | . . . Regen/Repaired (Parts) 50 | . 33 17 Core Remaining (%) 95 | 100 90 . Volleys Fired 61 | . 16 45 Largest 2 | . 2 2 Hottest 53 | . 50 53 Shots Fired 95 | . 19 76 Gun 81 | . 7 74 Cannon . | . . . Launcher 14 | . 12 2 Special . | . . . Kinetic 81 | . 7 74 Thermal . | . . . Explosive 14 | . 12 2 Electromagnetic . | . . . Robot Hit Streak 8 | . 2 8 Robot Miss Streak 6 | . 2 6 Penetration Max . | . . . Secondary Targets 1 | . . 1 Max Gunslinging Chain 1 | . . 1 Shots Hit Robots 48 | . 8 40 Core Hits 39 | . 17 22 Critical Kills . | . . . Critical Parts Destroyed 1 | . . 1 Critical Strikes 1 | . . 1 Destroy 1 | . . 1 Melee Attacks . | . . . Impact . | . . . Slashing . | . . . Piercing . | . . . Sneak Attacks . | . . . Combat Hostiles . | . . . Follow-up Attacks . | . . . Damage Inflicted 1311 | . 492 819 Guns 706 | . 43 663 Cannons . | . . . Explosions 529 | . 444 85 Melee . | . . . Ramming 76 | . 5 71 Kinetic 706 | . 43 663 Thermal . | . . . Explosive 529 | . 444 85 Electromagnetic . | . . . Impact . | . . . Slashing . | . . . Piercing . | . . . Highest Corruption . | . . . Average Corruption . | . . . Corruption Purged . | . . . Corruption Blocked . | . . . Overload Shots . | . . . Overflow Damage 26 | . 22 4 Projectiles . | . . . Explosions 26 | . 22 4 Melee . | . . . Knockbacks . | . . . Impact . | . . . Kinetic . | . . . Secondary . | . . . Self-Inflicted Damage 133 | . 96 37 Shots 6 | . 4 2 Rammed 1 | . 1 . Targets Rammed 33 | . 1 32 Kicked 32 | . . 32 Crushed . | . . . Highest Temperature 16 | . 6 16 Average Temperature 5 | . 3 6 Received Heat Transfer 426 | . 51 375 Siege Activations . | . . . Robots Corrupted . | . . . Combat Hostiles . | . . . Parts Fried . | . . . Impact Corruptions . | . . . Robots Melted . | . . . Combat Hostiles . | . . . Parts Melted . | . . . Heat Transferred . | . . . Parts Sabotaged . | . . . Parts Stolen . | . . . Parts Stripped . | . . . Power Chain Reactions . | . . . Alert | -11 -10 -9 ------- Run | Yrd Mat Mat Peak Influence 299 | . 272 299 Initial 114 | . . 114 Average 145 | . 142 168 Maximum Alert Level 1 | . 1 1 Low Security (%) 65 | 100 55 65 Level 1 34 | . 44 34 Level 2 . | . . . Level 3 . | . . . Level 4 . | . . . Level 5 . | . . . High Security . | . . . Max Security . | . . . Squads Dispatched 5 | . 2 3 Investigation 2 | . 1 1 Extermination . | . . . Reinforcement 3 | . 1 2 Assault . | . . . Garrison . | . . . Intercept . | . . . Searches Triggered . | . . . Construction Impeded 1 | . . 1 Haulers Reinforced . | . . . Active Scanning Responses . | . . . Cargo Convoy Interrupts . | . . . Stealth | -11 -10 -9 --------- Run | Yrd Mat Mat Distress Signals 4 | . . 4 Communications Jammed . | . . . Distress Signals . | . . . Times Spotted 29 | . 7 22 Peak Tracking Total 6 | . 2 6 Tactical Retreats . | . . . Traps | -11 -10 -9 ------- Run | Yrd Mat Mat Traps Triggered 2 | . 1 1 Indirectly . | . . . Trap Hack Attempts . | . . . Triggered . | . . . Disarmed . | . . . Reprogrammed . | . . . Reused . | . . . Traps Extracted . | . . . Installed . | . . . Triggered . | . . . Machines | -11 -10 -9 ---------- Run | Yrd Mat Mat Machines Disabled 4 | . 3 1 Max in Single Turn 2 | . 2 1 Machines Repaired . | . . . Machines Dismantled . | . . . Machines Sabotaged . | . . . Overloaded Fab Kills . | . . . Hacking | -11 -10 -9 --------- Run | Yrd Mat Mat Machines Accessed 4 | . 2 2 Terminals 2 | . 1 1 Fabricators . | . . . Repair Stations 2 | . 1 1 Recycling Units . | . . . Scanalyzers . | . . . Garrison Access . | . . . Total Hacks 10 | . 5 5 Successful 7 | . 3 4 Failed 3 | . 2 1 Catastrophic . | . . . Database Lockouts . | . . . Manual . | . . . Terminals 5 | . 3 2 Fabricators . | . . . Repair Stations 5 | . 2 3 Recycling Units . | . . . Scanalyzers . | . . . Garrison Access . | . . . Terminal Hacks 2 | . 1 1 Record 1 | . 1 . Hauler Manifests 1 | . . 1 Fabricator Hacks . | . . . Repair Station Hacks 5 | . 2 3 Scan Component 2 | . 1 1 Repair 2 | . 1 1 Refit 1 | . . 1 Recycling Unit Hacks . | . . . Scanalyzer . | . . . Garrison Access Hacks . | . . . Unauthorized Hacks . | . . . Terminals . | . . . Fabricators . | . . . Repair Stations . | . . . Recycling Units . | . . . Scanalyzers . | . . . Garrison Access . | . . . Data Cores Recovered . | . . . Used . | . . . Hacking Detections 1 | . 1 . Full Trace Events 1 | . 1 . Feedback Events . | . . . Feedback Blocked . | . . . Robot Schematics Acquired . | . . . Robots Built . | . . . Authchips . | . . . Time . | . . . Total Robot Build Rating . | . . . Part Schematics Acquired . | . . . Parts Built . | . . . Authchips . | . . . Time . | . . . Total Part Build Rating . | . . . Parts Repaired 2 | . 1 1 Time 52 | . 26 26 Parts Recycled . | . . . Recycled Matter . | . . . Retrieved Matter . | . . . Retrieved Components . | . . . Parts Scanalyzed . | . . . Part Schematics Acquired . | . . . Parts Damaged . | . . . Bothacking | -11 -10 -9 ------------ Run | Yrd Mat Mat Used RIF Installer . | . . . Robots Hacked . | . . . Non-combat . | . . . Combat . | . . . Robot Hacks Applied . | . . . Relay Couplers Released . | . . . Fabnet Peak Effective % . | . . . Robots Rewired . | . . . Allies Hacked . | . . . Hacks Repelled . | . . . Allies | -11 -10 -9 -------- Run | Yrd Mat Mat Total Allies . | . . . Largest Group . | . . . Highest-Rated Group . | . . . Highest-Rated Ally . | . . . Total Orders . | . . . Ally Attacks . | . . . Total Damage . | . . . Kills . | . . . Allies Corrupted . | . . . Allies Melted . | . . . Intel | -11 -10 -9 ------- Run | Yrd Mat Mat Robot Analysis Total . | . . . Derelict Logs Recovered . | . . . Drone Launches . | . . . Drone Recoveries . | . . . Exploration | -11 -10 -9 ------------- Run | Yrd Mat Mat Turns Passed 840 | 76 260 504 Spaces Moved 495 | 73 182 240 Core 23 | 6 . 17 Treads . | . . . Legs 214 | . 31 183 Wheels 218 | 67 151 . Hover 40 | . . 40 Flight . | . . . Fastest Speed 50 | 50 90 76 Average Speed 108 | 86 95 124 Slowest Speed 250 | 90 190 250 Overloaded Moves . | . . . Propulsion Burnouts . | . . . Robots Hopped . | . . . Cave-ins Triggered . | . . . Exploration Rate (%) 20 | 5 31 26 Regions Visited 2 Branch Regions . Pre-discovered Areas . | . . . Known Exits Taken . | . . . Unknown Exits Taken 2 | 1 1 . Scrap Searched . | . . . Spaces Dug . | . . . Terrain Destroyed 77 | . 62 15 Melee . | . . . Projectile . | . . . AOE 77 | . 62 15 Terrain Rammed . | . . . Walls Destroyed . | . . . Machines Disabled . | . . . Actions | -11 -10 -9 --------- Run | Yrd Mat Mat Total 694 | 82 247 365 Wait 64 | . 35 29 Move 493 | 72 181 240 Hop . | . . . Pick Up 7 | 4 2 1 Fast Attach 15 | 6 5 4 Attach 11 | . 2 9 Detach 4 | . 1 3 Swap 4 | . 2 2 Drop 2 | . 2 . Fire 61 | . 16 45 Melee . | . . . Ram 1 | . 1 . Kick 32 | . . 32 Crush . | . . . Escape Stasis . | . . . Rewire . | . . . Trap . | . . . Miscellaneous . | . . . Route ------- -11/Scrapyard -10/Materials -9/Materials History --------- Turn | Location | Event 2 | -11/Scrapyard | Met Revision 17 8 | -11/Scrapyard | Discovered new exit (range 16) 77 | -11/Scrapyard | Entered Materials 259 | -10/Materials | Repaired Grenade Launcher 295 | -10/Materials | Discovered new exit (range 16) 337 | -10/Materials | Entered another Materials area 337 | -9/Materials | Evolved 2 slots: Utility x2 342 | -9/Materials | Build established: Mutant 685 | -9/Materials | Core integrity fell below 50% 716 | -9/Materials | Lost 9 parts (2p4n1u2w) 772 | -9/Materials | Repaired Grenade Launcher 828 | -9/Materials | Core integrity fell below 20% 841 | -9/Materials | Destroyed by G-47 Trooper with Particle Gun Last Messages --------------- 00819_ A-02 Transporter destroyed. 00824_ U-05 Engineer suffers critical hit (Destroy). 00824_ Destroyed Wheel. 00824_ R-06 Scavenger destroyed. 00824_ Shotgun destroyed. 00824_ Destroyed Shotgun. 00824_ ALERT: Construction progress impeded, dispatching reinforcements to local area. 00824_ U-05 Engineer lays Concrete. 00827_ U-05 Engineer builds a Wall. 00828_ U-05 Engineer lays Concrete. 00829_ Acquired 49 matter. 00829_ U-05 Engineer lays Concrete. 00831_ U-05 Engineer destroyed. 00831_ Grenade Launcher destroyed. 00837_ U-05 Engineer lays Concrete. 00837_ Backup Propulsion I destroyed. 00838_ U-05 Engineer lays Concrete. 00840_ Sml. Storage Unit destroyed. 00840_ U-05 Engineer lays Concrete. Map ----- +----------------------------------------------------+ | ?????????????????????????????????????????????????? | | ?????????????????????????????????????????????????? | | ?????????????????????????????????????????????????? | | ?????????????????????????????????????????????????? | | ?????????????????????????????????????????????????? | | ?????????????????????????????????????????????????? | | ?????????????????????????????????????????????????? | | ?????????????????????????????????????????????????? | | ?????????????????????????????????????????????????? | | ?????????????????????????????????????????????????? | | ?????????????????????????????????????????????????? | | ?????????????????????????????????????????????????? | | ?????????????????????????????????????????????????? | | ?????????????????????????????????????????????????? | | ?????????????????????????????????????????????????? | | ???????????????????##########????????????????????? | | ???????????????????# #????????????????????? | | ???????????????????# #????????????????????? | | ???????????????????# #????????????????????? | | ???????????????????# #????????????????????? | | ???????????????????# [[! #????????????????????? | | ???????????????????# [[! #????????????????????? | | ???????????????????# [!! #????????????????????? | | ????????????????????? #????????????????????? | | ??????????????????????? ?????????????????????? | | ????????????????###????##@##?????????????????????? | | ??????????????? ??# !!#?????????????????????? | | ??????????????#= """ # ! #?????????????????????? | | ??????????????# """ ! ????????????#???????? | | ??????????????# ! """ ????????? #???????? | | ??????????????# ! ###??????? #???????? | | ??????????????#"S """r =%* ###?????? #???????? | | ??????????????#""" """ # !r #T####### #???????? | | ??????????????# "" """ ^ #???????? | | ???????????????? # #???????? | | ?????????????????#+###?#g u ^ #???????? | | ?????????????????# ##### g """ #???????? | | ???????????? g """"" #???????? | | ??????????????#### "" a """"" #???????? | | ?????????????????# "T """"" +???????? | | ?????????????????# "" """ #???????? | | ?????????????????# #???????? | | ?????????????????+ ! #???????? | | ?????????????????# ######+##### ################ | | ?????????????????# ??# ## #??????# """ | | ?????????????????#???# """"" ## #??????# "R" ! | | ?????????????????????# """"" ## ######## " " | | ?????????????????????# """"" ## # | | ?????????????????????# + + | | ?????????????????????# ## # """ | +----------------------------------------------------+ Best States ------------- Heat Dissipation 42 Energy Generation 14 Energy Capacity 250 Matter Stores 235 Matter Capacity 300 Sight Range 18 Terrain Scan Density 10 Evasion (%) 55 Item Schematics ----------------- None Robot Schematics ------------------ None Fabricated ------------ Nothing Alien Tech Used ----------------- None Achievements -------------- None Challenges ------------ None Game ------ Seed SpikedMicrodissipatorCore Manual? 0 Play Time 00:15:11 Cumulative 10.9 hours Start 2025.03.15 @ 11:34:28 End 2025.03.15 @ 13:50:12 Sessions 2 Manual Loads 0 Difficulty Rogue Special Mode None Game No. 22 Rogue 22 Adventurer 0 Explorer 0 Win Type - Total 0 Types 0/0/0/0/0/0/0/0/0 Lore% 7 Gallery% 15 Achievement% 14 Wizard Run 0 Options --------- Layout 0 ASCII 0 Keyboard 1 Movement Vi Keybinds 0 Fullscreen 2 Font 24/Tamsyn Map View 76x50 Zoom Use 0% Tactical HUD 1 Map Filters NONE Filters NONE Steam 1 RUN: 5e5eed8a-e3d0-4564-b1c2-22acbf9b5796